 Dungeon Crawl Stone Soup version 0.28.0-47-ge53b351184 (webtiles) character file.

Game seed: 17158579597487769930

329 NinjaNoafa the Conjurer (level 6, 0/50 HPs)
             Began as a Draconian Conjurer on Apr 26, 2022.
             Was an Initiate of Sif Muna.
             Frozen to death by an endoplasm (3 damage)
             ... on level 3 of the Dungeon.
             The game lasted 00:05:17 (2099 turns).

NinjaNoafa the Conjurer (Draconian Conjurer)        Turns: 2099, Time: 00:05:19

Health: 0/50       AC:  6    Str:  9    XL:     6   Next: 25%
Magic:  0/10       EV: 12    Int: 20    God:    Sif Muna [......]
Gold:   31         SH:  0    Dex: 10    Spells: 8/11 levels left

rFire   . . .      SeeInvis .   b - +2 falchion
rCold   . . .      Faith    .   (no shield)
rNeg    . . .      Spirit   .   (armour unavailable)
rPois   .          Reflect  .   (helmet restricted)
rElec   .          Harm     .   (no cloak)
rCorr   .          Rampage  .   (no gloves)
Will    .....                   (no boots)
Stlth   ++........              (no amulet)
HPRegen 0.16/turn               (no ring)
MPRegen 0.12/turn               (no ring)

@: no status effects
A: AC +6, unfitting armour, cold-blooded
a: Renounce Religion


You were on level 3 of the Dungeon.
You worshipped Sif Muna.
Sif Muna was noncommittal.
You visited 2 branches of the dungeon, and saw 5 of its levels.

You collected 31 gold pieces.

Inventory:

Hand Weapons
 b - a +2 falchion (weapon)
Scrolls
 f - 2 scrolls of noise


   Skills:
 + Level 2.6 Fighting
 + Level 3.1 Dodging
 - Level 1.7 Stealth
 + Level 3.1 Spellcasting
 + Level 4.8 Conjurations
 - Level 2.0 Hexes
 + Level 2.0 Invocations


You had 8 spell levels left.
You knew the following spells:

 Your Spells              Type           Power      Damage    Failure   Level
a - Magic Dart            Conj           88%        1d7       1%          1
b - Searing Ray           Conj           44%        2d6       3%          2

Your spell library contained the following spells:

 Spells                   Type           Power      Damage    Failure   Level
 Dazzling Flash           Conj/Hex       32%        N/A       11%         3
 Portal Projectile        Hex/Tloc       14%        N/A       28%         3
 Fulminant Prism          Conj/Hex       8%         3d7       34%         4
 Iskenderun's Mystic Bla  Conj/Tloc      12%        2d5       45%         4
 Blade Hands              Tmut           1%         N/A       98%         5
 Excruciating Wounds      Necr           1%         N/A       98%         5


Dungeon Overview and Level Annotations

Branches:
Dungeon (4/15)             Temple (1/1) D:4

Altars:
Ashenzari
Cheibriados
Dithmenos
Elyvilon
Fedhas
Gozag
Kikubaaqudgha
Makhleb
Nemelex Xobeh
Okawaru
Qazlal
Ru
Sif Muna
Trog
Uskayaw
Vehumet
Wu Jian
Xom
Yredelemnul
Zin
The Shining One


Innate Abilities, Weirdness & Mutations

Your plain brown scales are hard. (AC +6)
You cannot fit into any form of body armour.
You are cold-blooded and may be slowed by cold attacks.


Message History

The adder bites you but does no damage.
The endoplasm hits you but does no damage.
The adder closely misses you.
You see here a +0 hand axe.
The adder bites you.
* * * LOW HITPOINT WARNING * * *
The adder bites you but does no damage.
Casting: Searing Ray (safe; 3% risk of failure)
Confirm with . or Enter, or press ? or * to list all spells.
Aiming: Magic Dart (safe; 1% risk of failure)
Press: ? - help, Shift-Dir - straight line, f - adder
Aim: an adder (100% to hit)
The magic dart hits the adder.
The adder is lightly wounded.
The adder bites you.
* * * LOW HITPOINT WARNING * * *
You hit the adder but do no damage. You tail-slap the adder.
The adder is moderately wounded.
The adder bites you.
* * * LOW HITPOINT WARNING * * *
The adder closely misses you.
You hit the adder.
The adder is almost dead.
The adder bites you but does no damage. The adder closely misses you.
You hit the adder.
The adder is almost dead.
The adder bites you but does no damage.
You hit the adder.
You kill the adder!
Sif Muna accepts your kill.
Casting: Magic Dart (safe; 1% risk of failure)
Confirm with . or Enter, or press ? or * to list all spells.
Aiming: Magic Dart (safe; 1% risk of failure)
Press: ? - help, Shift-Dir - straight line, f - endoplasm
Aim: an endoplasm (100% to hit)
The magic dart hits the endoplasm.
The endoplasm is almost dead.
The endoplasm freezes you.
You are frozen.
You die...

....... ....... .##
....... #.. ....... #...
##### ..?.... #.... #...
.......
#....#####.########.......
..........@J.....).....?..
........##.##.#######.####
#######.##.....#
#.#####..# #)# #.... #.#
#.... #)## #..... #..#
#...... ##.#


You could see an endoplasm.

Vanquished Creatures
  Menkaure (D:4)
  A necrophage (D:3)
  A killer bee zombie (D:4)
  2 adders
  A worm (D:2)
  5 orcs
  4 ball pythons
  A bat (D:1)
  7 endoplasms
  5 giant cockroaches
  2 goblins
  5 jackals
  3 quokkas
  8 frilled lizards (D:2)
  A kobold (D:1)
47 creatures vanquished.

Vanquished Creatures (collateral kills)
  An iguana (D:4)
  2 orcs (D:4)
3 creatures vanquished.

Grand Total: 50 creatures vanquished

Notes
Turn   | Place    | Note
-------+----------+-------------------------------------------
     0 | D:1      | NinjaNoafa the Draconian Conjurer began the quest for the
                  | Orb.
     0 | D:1      | Reached XP level 1. HP: 14/14 MP: 3/3
   357 | D:1      | Reached XP level 2. HP: 22/22 MP: 1/5
   862 | D:1      | Reached skill level 1 in Fighting
  1137 | D:2      | Reached XP level 3. HP: 28/28 MP: 1/6
  1140 | D:2      | Learned a level 2 spell: Searing Ray
  1227 | D:2      | Reached skill level 1 in Hexes
  1548 | D:2      | You fall into a shaft and drop 2 floors!
  1575 | D:4      | Noticed a necrophage
  1583 | D:4      | Found a staircase to the Ecumenical Temple.
  1588 | Temple   | Entered the Ecumenical Temple
  1593 | Temple   | Became a worshipper of Sif Muna the Loreminder
  1869 | D:4      | Noticed Menkaure
  1882 | D:4      | Reached XP level 4. HP: 22/35 MP: 7/7
  1888 | D:4      | Killed Menkaure
  1889 | D:4      | Reached skill level 1 in Invocations
  1889 | D:4      | Reached XP level 5. HP: 7/41 MP: 2/9
  2043 | D:3      | Found a faded altar of an unknown god.
  2083 | D:3      | Killed a necrophage
  2084 | D:3      | Reached XP level 6. HP: 6/50 MP: 0/10
  2095 | D:3      | HP: 2/50 [adder (4)]
  2099 | D:3      | Frozen to death by an endoplasm

Illustrated notes

Levels and vault maps discovered:
D:1:      giann_forest_graveyard, layout_basic
D:2:      layout_basic, serial_shops, nicolae_shop_waterfront,
          minmay_lizard_pond
D:3:      layout_basic, ebering_ecumenical_altar_sacrificial
D:4:      layout_basic, minmay_temple_entry_poolview, uniq_menkaure
Temple:   dpeg_three_leaves_temple

Skill      XL: |  1  2  3  4  5 |
---------------+----------------+-----
Dodging        | 2 3 |  3.1
Fighting       | 1 2 |  2.6
Hexes          | 1 2 |  2.0
Invocations    | 1 2 |  2.0
Spellcasting   | 3 |  3.1
Stealth        | |  1.7
Conjurations   | |  4.8

Action                   |  1- 3 |  4- 6 || total
-------------------------+-------+-------++-------
Melee: Spear             |    19 |       ||    19
       Tailslap          |     3 |     1 ||     4
       Falchion          |     1 |     9 ||    10
 Cast: Magic Dart        |    64 |     3 ||    67
       Searing Ray       |     4 |     6 ||    10
  Use: Potion            |     3 |       ||     3
       Scroll            |     6 |       ||     6
Armor: Skin              |    10 |     9 ||    19
Dodge: Dodged            |    23 |    15 ||    38
